Map: 世界主宰-天梯版

Players

cyan - Winner!

  • Race: Protoss Protoss
  • League: Master

CoffeeMs (Coffee)

  • Race: Terran Terran
  • League: Master

Event: DreamHack SC2 Masters 2021 Fall

VOD

Have the link to the VOD?

Description

Time

  • Played on: Aug. 6, 2021, 9:06 a.m.
  • Length: 11:57

All games in this series

Show
View Real Time Build Order
Export as new Build Order

cyan Protoss - Winner!

Build Orders: 1 Gate Expand, Oracle Opening, Blink Stalkers 

Get SALT Encoding   

  12  0:00  Probe  
  13  0:12  Probe  
  14  0:18  Pylon  
  14  0:24  Probe (Chrono Boost)  
  15  0:36  Probe (Chrono Boost)  
  15  0:38  Gateway  
  16  0:45  Probe (Chrono Boost)  
  16  0:47  Assimilator  
  17  0:51  Probe  
  18  1:03  Probe  
  19  1:15  Probe  
  20  1:25  Cybernetics Core  
  20  1:33  Nexus  
  20  1:35  Probe  
  21  1:42  Pylon  
  21  1:47  Assimilator  
  21  1:50  Probe  
  22  1:59  Adept (Chrono Boost)  
  22  2:03  Probe, Warp Gate  
  25  2:15  Probe  
  26  2:21  Stalker  
  26  2:22  Pylon  
  28  2:27  Probe  
  29  2:39  Probe  
  29  2:40  Stargate  
  30  2:46  Probe  
  32  2:51  Probe (Chrono Boost)  
  32  2:58  Probe (Chrono Boost)  
  32  3:03  Probe (Chrono Boost)  
  34  3:09  Probe (Chrono Boost)  
  34  3:11  Probe (Chrono Boost)  
  36  3:14  Twilight Council, Probe (Chrono Boost)  
  36  3:17  Probe  
  40  3:20  Shield Battery  
  40  3:23  Gateway  
  40  3:26  Oracle (Chrono Boost)  
  38  3:29  Probe  
  38  3:31  Probe  
  43  3:38  Gateway  
  43  3:41  Probe  
  43  3:46  Pylon, Probe  
  45  3:51  Stalker  
  45  3:53  Probe  
  48  3:57  Assimilator, Blink (Chrono Boost)  
  48  4:02  Probe  
  49  4:07  Pylon, Probe  
  50  4:14  Probe  
  51  4:18  Stalker  
  51  4:19  Probe  
  51  4:22  Stalker  
  56  4:26  Probe  
  51  4:31  Probe  
  51  4:33  Stalker  
  47  4:38  Probe  
  45  4:45  Probe (Chrono Boost)  
  45  4:49  Stalker  
  45  4:51  Probe (Chrono Boost)  
  45  5:00  Probe x2 (Chrono Boost)  
  45  5:05  Probe (Chrono Boost)  
  45  5:07  Probe  
  45  5:09  Gateway  
  47  5:17  Stalker, Probe  
  50  5:21  Probe  
  50  5:22  Stalker  
  53  5:29  Probe  
  53  5:34  Probe (Chrono Boost)  
  52  5:38  Stalker  
  52  5:42  Probe (Chrono Boost)  
  55  5:45  Stalker  
  55  5:46  Probe (Chrono Boost)  
  58  5:51  Probe (Chrono Boost)  
  58  5:52  Probe (Chrono Boost)  
  58  5:54  Stalker  
  58  5:56  Probe (Chrono Boost)  
  62  5:58  Pylon  
  62  6:00  Probe  
  62  6:02  Stalker  
  66  6:08  Probe  
  67  6:11  Stalker  
  67  6:15  Pylon, Probe  
  70  6:21  Probe  
  67  6:26  Stalker x2  
  67  6:30  Probe  
  71  6:36  Probe  
  72  6:41  Stalker x2  
  72  6:43  Charge (Chrono Boost), Probe  
  71  6:57  Probe  
  62  7:02  Stalker x2  
  62  7:03  Probe  
  62  7:04  Stalker x2  
  71  7:09  Probe  
  71  7:15  Nexus  
  72  7:18  Probe  
  72  7:21  Pylon  
  73  7:31  Gateway  
  73  7:32  Gateway  
  73  7:36  Gateway  
  73  7:37  Gateway  
  73  7:39  Probe x2  
  73  7:42  Sentry x2  
  79  7:55  Zealot x2  
  82  8:08  Stalker x2  
  70  8:16  Probe x2  
  70  8:18  Stalker x2  
  72  8:27  Stalker x2  
  72  8:33  Zealot x3  
  72  8:34  Zealot  
  84  8:42  Zealot x2  
  88  8:49  Zealot x2  
  88  8:52  Zealot x2  
  96  8:56  Zealot x2  
  90  9:12  Stalker x4  
  90  9:13  Zealot  
  98  9:18  Zealot x2  
  102  9:27  Templar Archives  
  84  9:41  Zealot x7  
  80  9:50  Zealot  
  76  10:07  Zealot x7  
  76  10:08  Psionic Storm  
  76  10:10  Probe  
  76  10:11  Probe x2  
  93  10:30  High Templar x4  
  101  10:36  Probe (Chrono Boost)  
  101  10:37  Probe (Chrono Boost)  
  101  10:38  Probe (Chrono Boost)  
  101  10:39  Nexus  
  104  10:48  Probe (Chrono Boost)  
  104  10:49  Probe (Chrono Boost)  
  107  10:50  Pylon  
  107  10:52  Forge  
  107  10:53  Sentry  
  107  10:54  Probe (Chrono Boost)  
  107  10:56  Assimilator  
  109  10:58  Pylon  
  109  11:02  Pylon  
  109  11:08  Robotics Facility, Probe x3  
  112  11:11  Zealot x2  
  116  11:24  Zealot  
  116  11:25  Zealot x5  
  116  11:42  Archon x2  
  116  11:43  Stalker x2  
Show
View Real Time Build Order
Export as new Build Order

CoffeeMs Terran 

Build Orders:  

Get SALT Encoding   

  12  0:00  SCV  
  13  0:12  SCV  
  14  0:17  Supply Depot  
  14  0:24  SCV  
  15  0:38  SCV  
  15  0:39  Barracks  
  16  0:43  Refinery  
  16  0:51  SCV  
  17  1:03  SCV  
  18  1:15  SCV  
  19  1:27  Marine, Orbital Command  
  20  1:43  Command Center  
  20  1:53  SCV  
  21  1:58  Factory  
  21  2:03  Barracks Reactor  
  21  2:05  SCV  
  22  2:12  Bunker  
  22  2:17  Supply Depot  
  22  2:19  SCV  
  23  2:28  Refinery  
  23  2:38  SCV  
  23  2:41  Hellion  
  23  2:42  Starport  
  26  2:48  Marine x2  
  28  2:51  SCV  
  28  2:58  Orbital Command  
  29  3:06  Hellion  
  29  3:08  Marine  
  29  3:09  Marine  
  33  3:14  SCV  
  33  3:19  Medivac  
  36  3:26  SCV  
  37  3:27  Hellion  
  37  3:30  Marine x2  
  41  3:38  Supply Depot  
  41  3:39  SCV x2  
  43  3:49  Marine x2  
  43  3:50  Factory Tech Lab, Starport Tech Lab  
  43  3:55  SCV  
  46  3:59  Supply Depot  
  46  4:00  SCV  
  47  4:08  Raven  
  47  4:09  Barracks  
  49  4:11  Marine  
  49  4:12  Marine  
  44  4:27  Cyclone  
  44  4:33  Marine x2  
  42  4:39  SCV x2  
  41  4:51  Marine, SCV x2  
  44  4:58  Refinery  
  44  5:03  SCV x2  
  46  5:13  Marine x3  
  49  5:15  SCV x2  
  49  5:18  Supply Depot  
  51  5:27  SCV  
  51  5:28  Siege Tank  
  55  5:30  Marine x2  
  55  5:31  Marine  
  59  5:35  SCV  
  59  5:36  Bunker  
  59  5:39  SCV  
  59  5:40  Stimpack  
  60  5:48  Supply Depot  
  60  5:49  Marine x2, Barracks  
  60  5:59  Marine, SCV x2  
  60  6:02  Refinery, Siege Tank  
  66  6:07  Marine  
  66  6:08  Starport Reactor  
  65  6:17  SCV x2  
  65  6:30  Bunker  
  65  6:31  Marine x2, Marauder  
  65  6:32  SCV x2  
  69  6:34  Siege Tank  
  69  6:35  Supply Depot x2  
  69  6:39  Barracks Tech Lab  
  66  6:55  Marauder  
  66  7:01  Marine x2, Combat Shield  
  68  7:02  Medivac x2, Marauder  
  68  7:03  SCV x2  
  78  7:09  Supply Depot x2  
  78  7:10  Engineering Bay  
  78  7:19  Marine x2  
  78  7:20  Siege Tank  
  78  7:22  SCV x2  
  85  7:27  Supply Depot  
  85  7:40  Marine x2, Marauder x2  
  91  7:49  Concussive Shells  
  91  7:55  SCV x2, Siege Tank  
  91  7:58  Supply Depot  
  86  8:14  Marine, Marauder  
  86  8:15  Marine, Marauder  
  86  8:16  Medivac x2  
  94  8:21  SCV x2  
  94  8:27  Siege Tank  
  95  8:37  Marine x2  
  95  8:38  Marauder x2  
  101  8:46  Medivac x2  
  105  8:49  Supply Depot  
  105  8:50  Supply Depot  
  100  9:04  Marine  
  100  9:05  Marauder  
  82  9:14  Siege Tank, Marauder  
  82  9:16  Marine  
  84  9:22  Marine  
  85  9:26  Marauder  
  85  9:27  Medivac  
  89  9:35  Marine, Marauder  
  79  9:47  Marauder  
  79  9:48  Medivac  
  79  9:49  Marine  
  84  9:53  Marine  
  84  9:56  Marine  
  76  10:01  Siege Tank  
  78  10:07  Marine  
  78  10:08  Marine  
  78  10:10  Marine, Barracks  
  78  10:11  Barracks  
  75  10:26  Marine x2  
  89  10:28  Medivac x2  
  77  10:29  Marauder  
  77  10:32  Marine  
  84  10:36  Command Center  
  84  10:37  Missile Turret  
  81  10:44  Marine  
  81  10:45  Marauder  
  81  10:46  Siege Tank  
  87  10:51  SCV x2  
  87  10:52  Marauder  
  91  10:58  Marine  
  91  11:00  Barracks Reactor  
  91  11:02  Marine  
  93  11:05  Marine  
  93  11:09  Medivac x2  
  98  11:11  SCV  
  98  11:12  SCV  
  98  11:13  Marine  
  98  11:16  Marine  
  102  11:24  Marine x2, SCV  
  101  11:25  Marine  
  101  11:31  Marine  
  103  11:34  Marine  

Tags
 
Add a new tag
Caveats
  • Supply blocks, unpowered buildings, or Contaminate may cause inaccurate times.
  • Supply counts are checked every 10 seconds.